 Dungeon Crawl Stone Soup version 0.23.0 (webtiles) character file.

Game seed: 408358092909836784

34 Borgoz the Sneak (level 3, -2/20 HPs)
             Began as a Kobold Enchanter on Feb 16, 2019.
             Slain by an orc (3 damage)
             ... on level 2 of the Dungeon.
             The game lasted 00:02:11 (1587 turns).

Borgoz the Sneak (Kobold Enchanter)                 Turns: 1587, Time: 00:02:11

Health: -2/20      AC:  2    Str:  5    XL:     3   Next: 50%
Magic:  5/6        EV: 15    Int: 16    God:
Gold:   66         SH:  0    Dex: 16    Spells: 5/6 levels left

rFire    . . .     SeeInvis .   a - +1 dagger
rCold    . . .     Gourm    .   (shield restricted)
rNeg     . . .     Faith    .   b - +0 robe
rPois    .         Spirit   .   (no helmet)
rElec    .         Reflect  .   (no cloak)
rCorr    .         Harm     .   (no gloves)
MR       .....                  (no boots)
Stlth    +++.......             (no amulet)
HPRegen  0.06/turn              (no ring)
MPRegen  0.10/turn              (no ring)

@: no status effects
A: small, carnivore
a: no special abilities


You were on level 2 of the Dungeon.
You were very full.

You visited 1 branch of the dungeon, and saw 2 of its levels.

You collected 66 gold pieces.

Inventory:

Hand Weapons
 a - a +1 dagger (weapon)
Armour
 b - a +0 robe (worn)
Scrolls
 c - a scroll of noise {unknown}
 g - a scroll of immolation {unknown}
 j - 2 scrolls of teleportation {unknown}
 l - a scroll of remove curse {unknown}
 m - a scroll of enchant armour {unknown}
Potions
 e - a potion of flight {unknown}
 f - a potion of degeneration {unknown}
 h - a potion of heal wounds {unknown}
 i - a potion of invisibility {unknown}
 k - a potion of lignification {unknown}
 o - a potion of curing {unknown}
Comestibles
 d - 2 rations
 n - a chunk of flesh


   Skills:
 + Level 1.0 Fighting
 * Level 2.3 Short Blades
 + Level 2.7 Dodging
 * Level 4.8 Stealth
 - Level 2.2 Spellcasting
 - Level 3.0 Hexes


You had 5 spell levels left.
You knew the following spells:

 Your Spells              Type           Power        Failure   Level  Hunger
a - Corona                Hex            ##.....      6%          1    #......

Your spell library contained the following spells:

 Spells                   Type           Power        Failure   Level  Hunger
 Ensorcelled Hibernation  Hex/Ice        #.....       16%         2    ###....
 Confuse                  Hex            ##......     17%         3    ###....
 Tukima's Dance           Hex            ##......     17%         3    ###....
 Dazzling Spray           Conj/Hex       #.....       32%         3    ###....


Dungeon Overview and Level Annotations

Branches:
Dungeon (2/15)

Altars:


Innate Abilities, Weirdness & Mutations

You are small and have problems with some larger weapons.
You are carnivorous and can eat meat at any time.


Message History

You kill the hobgoblin!
You hit the orc but do no damage.
The orc is heavily wounded.
The orc barely misses you.
You hit the orc but do no damage.
The orc is heavily wounded.
The orc closely misses you.
Sorry, you're not good enough to have a special ability.
Sorry, you're not good enough to have a special ability.
Casting: Corona (safe; 6% risk of failure)
Confirm with . or Enter, or press ? or * to list all spells.
Aiming: Corona (safe; 6% risk of failure)
Press: ? - help, Shift-Dir - straight line, f - orc
Aim: an orc, wearing a +0 ring mail (heavily wounded, chance to defeat MR: 64%)
The orc is outlined in light.
The orc hits you.
* * * LOW HITPOINT WARNING * * *
You barely miss the orc.
The orc is heavily wounded.
The orc hits you.
You die...

......? .........
.###....... .....(...
..........##+#
......... .........#
...##........
.........#
#†.#.......
.........# #$#.#....#
.........+ #..o....#
#........# #!#.#@...#
#........#..#K.#....#
#......#.##...##....#
.......#..##+##.....#
.......#............#
.......######.......#
.......# #.......#
.......# #.......#
....###### #........#


You could see an orc.

Vanquished Creatures
  2 leopard geckos
  A ball python (D:2)
  4 goblins (D:1)
  7 hobgoblins
  3 bats
  2 frilled lizards
  6 kobolds
  5 rats
30 creatures vanquished.

Notes
Turn   | Place    | Note
-------+----------+-------------------------------------------
     0 | D:1      | Borgoz the Kobold Enchanter began the quest for the Orb.
     0 | D:1      | Reached XP level 1. HP: 10/10 MP: 3/3
   211 | D:1      | Reached XP level 2. HP: 12/15 MP: 5/5
   932 | D:1      | Reached XP level 3. HP: 20/20 MP: 6/6
  1491 | D:2      | Found a faded altar of an unknown god.
  1544 | D:2      | Reached skill level 1 in Fighting
  1586 | D:2      | HP: 1/20 [orc (3)]
  1587 | D:2      | Slain by an orc

Skill      XL: |  1  2  3 |
---------------+----------+-----
Short Blades   | 2 |  2.3
Fighting       | 1 |  1.0
Dodging        | |  2.7
Stealth        | |  4.8
Spellcasting   | |  2.2
Hexes          | |  3.0

Action                   || total
-------------------------++-------
Melee: Dagger            ||   109
 Cast: Corona            ||     2
 Stab: Sleeping          ||     8
  Eat: Chunk             ||    10
Armor: Robe              ||    10
Dodge: Dodged            ||    71
